 Dungeon Crawl Stone Soup version 0.26-a0-639-g72c4674329 (webtiles) character file.

Game seed: 5683391361438345967

(classic levelgen) 9124 EnegeticOcto the Cleaver (level 11, -4/100 HPs)
             Began as a Deep Dwarf Fighter on Sept 28, 2020.
             Was a Believer of Makhleb.
             Killed from afar by a storm dragon (29 damage)
             ... with a bolt of lightning
             ... on level 12 of the Dungeon.
             The game lasted 00:04:04 (5418 turns).

EnegeticOcto the Cleaver (Deep Dwarf Fighter)       Turns: 5418, Time: 00:04:05

Health: -4/100     AC: 18    Str: 23    XL:     11   Next: 18%
Magic:  4/4        EV:  7    Int: 13    God:    Makhleb [**....]
Gold:   483        SH: 17    Dex: 12    Spells: 10/10 levels left

rFire    . . .     SeeInvis +   a - +1 war axe
rCold    . . .     Faith    .   c - +1 kite shield
rNeg     . . .     Spirit   .   y - +0 chain mail
rPois    .         Reflect  +   (no helmet)
rElec    .         Harm     .   o - +2 cloak {MR+}
rCorr    +         Rampage  .   (no gloves)
MR       ++...                  t - +3 pair of boots of Whack-A-Mole {rCorr Int+4 SInv}
Stlth    ..........             x - amulet of reflection
HPRegen  0.00/turn              (no ring)
MPRegen  0.09/turn              (no ring)

@: mighty, non-regenerating
A: damage resistance, heal wounds, sense surroundings 2, no regeneration
a: Heal Wounds, Minor Destruction, Renounce Religion


You were on level 12 of the Dungeon.
You worshipped Makhleb.
Makhleb was pleased with you.
You visited 2 branches of the dungeon, and saw 11 of its levels.
You also visited: Ossuary.

You collected 483 gold pieces.

Inventory:

Hand Weapons
 a - a +1 war axe (weapon)
Missiles
 u - 3 throwing nets (quivered)
Armour
 c - a +1 kite shield (worn)
 o - a +2 cloak of magic resistance (worn)
 t - the +3 pair of boots of Whack-A-Mole (worn) {rCorr Int+4 SInv}
   (You found it on level 4 of the Dungeon)

   It affects your intelligence (+4).
   It lets you see invisible.
   It provides partial protection from all sources of acid and corrosion.
 y - a +0 chain mail (worn)
Jewellery
 x - an amulet of reflection (around neck)
Wands
 g - a wand of polymorph (13)
Scrolls
 e - 2 scrolls of blinking
 f - 7 scrolls of enchant weapon
 h - a scroll of enchant armour
 i - 7 scrolls of teleportation {@r3}
 l - 2 scrolls of remove curse {@r2}
 q - a scroll of fear {unknown}
Potions
 d - 3 potions of might {@q3}
 j - 8 potions of curing {@q1}
 k - a potion of resistance {unknown}
 m - a potion of stabbing {unknown}
 n - a potion of magic {unknown}
 p - 3 potions of lignification {@q7}
 v - 2 potions of heal wounds {@q2}
 w - 2 potions of ambrosia
 z - 2 potions of mutation {unknown}


   Skills:
 + Level 7.2 Fighting
 * Level 11.4 Axes
 + Level 8.6 Armour
 + Level 8.7 Shields
 + Level 8.3 Invocations


You had 10 spell levels left.
You didn't know any spells.
Your spell library was empty.

Dungeon Overview and Level Annotations

Branches:
Dungeon (9/15)             Temple (1/1) D:5            Lair (0/6) D:8
    Orc (0/2) D:9         Ossuary (visited)

Altars:
Ashenzari
Cheibriados
Dithmenos
Elyvilon
Fedhas
Gozag
Hepliaklqana
Kikubaaqudgha
Makhleb
Nemelex Xobeh
Okawaru
Qazlal
Ru
Sif Muna
Trog
Uskayaw
Vehumet
Wu Jian
Xom
Yredelemnul
Zin
The Shining One


Innate Abilities, Weirdness & Mutations

You are resistant to damage.
You can heal yourself by infusing magical energy.
You passively map the area around you.
You do not regenerate.


Message History

The storm dragon tramples you.
You stumble backwards!
You barely miss the storm dragon.
The storm dragon is moderately wounded.
The storm dragon bites you! You block the storm dragon's attack.
The storm dragon tramples you but does no damage.
You block the storm dragon's attack. The storm dragon claws you.
You block the storm dragon's attack.
You hit the storm dragon.
The storm dragon is moderately wounded.
The storm dragon bites you! The storm dragon claws you.
You block the storm dragon's attack.
You hit the storm dragon.
The storm dragon is moderately wounded.
You block the storm dragon's attack.
The storm dragon claws you but does no damage.
The storm dragon tramples you.
You stumble backwards!
You slash the storm dragon!
The storm dragon is heavily wounded.
The storm dragon is no longer covered in acid.
You block the storm dragon's attack. The storm dragon barely misses you.
You block the storm dragon's attack.
You barely miss the storm dragon.
The storm dragon is heavily wounded.
The storm dragon bites you but does no damage.
You block the storm dragon's attack.
The storm dragon tramples you but does no damage.
You hit the storm dragon but do no damage.
The storm dragon is heavily wounded.
The storm dragon bites you. The storm dragon claws you.
The storm dragon tramples you but does no damage.
The storm dragon bites you but does no damage.
The storm dragon barely misses you. You block the storm dragon's attack.
You hit the storm dragon but do no damage.
The storm dragon is heavily wounded.
The storm dragon bites you! The storm dragon barely misses you.
You block the storm dragon's attack.
You barely miss the storm dragon.
The storm dragon is heavily wounded.
You block the storm dragon's attack.
The storm dragon claws you but does no damage.
You block the storm dragon's attack.
You hit the storm dragon but do no damage.
The storm dragon is moderately wounded.
The storm dragon completely misses you. You block the storm dragon's attack. x2
You slash the storm dragon!
The storm dragon is heavily wounded.
The storm dragon bites you but does no damage.
You block the storm dragon's attack. The storm dragon misses you.
The storm dragon breathes lightning at you.
The bolt of lightning hits you!! x2
* * * LOW HITPOINT WARNING * * *
You are too injured to fight recklessly!
You are too injured to fight recklessly!
You are too injured to fight recklessly!
You are too injured to fight recklessly!
You are too injured to fight recklessly!
You are too injured to fight recklessly!
You are too injured to fight recklessly!
You are too injured to fight recklessly!
You are too injured to fight recklessly!
You are too injured to fight recklessly!
You are too injured to fight recklessly!
You feel much better. The storm dragon bites you. The storm dragon claws you.
You block the storm dragon's attack.
You feel much better.
The storm dragon bites you but does no damage.
You block the storm dragon's attack. x2
You feel much better. You block the storm dragon's attack.
The storm dragon claws you. You block the storm dragon's attack.
Evoke which item? (* to show all) (? for menu, Esc to quit)
Evoke which item? (* to show all) (? for menu, Esc to quit)
Okay, then.
You feel very mighty all of a sudden. The storm dragon bites you.
The storm dragon claws you but does no damage.
You block the storm dragon's attack.
You slice the storm dragon!!
The storm dragon is severely wounded.
You block the storm dragon's attack. The storm dragon claws you.
The storm dragon tramples you but does no damage.
You barely miss the storm dragon.
The storm dragon is severely wounded.
The storm dragon bites you. You block the storm dragon's attack.
The storm dragon tramples you but does no damage.
The storm dragon bites you. You block the storm dragon's attack.
The storm dragon barely misses you.
You feel much better. You block the storm dragon's attack.
The storm dragon claws you but does no damage.
You block the storm dragon's attack.
You closely miss the storm dragon.
The storm dragon is severely wounded.
The storm dragon breathes lightning at you.
The bolt of lightning hits you!! x2
You barely miss the storm dragon.
The storm dragon is severely wounded.
The storm dragon breathes lightning at you.
The bolt of lightning hits you!!
* * * LOW HITPOINT WARNING * * *
The bolt of lightning hits you!!
You die...

...........###..## #........#
(....... ..# ##.######.##.#######
########**..###.................#
# *#.............#.#####.# #
#.....######..#.##<##.#
#.....#⌠...##.#.##.##.#
#..8'8#.._..#.#.##.##.#
..#.######.#.#.##.##..
#.#..@D....#.#.##..#.#
#.#..'.....#.#.##.....
#.#(####.#.#.#.##.#.#.
#.8'8#.._..#..........
#....#⌠...##.#.##.#.#.
#....######....##.....
#.(............###.#.#
##†###..#..###.# #.†.#
#.####....###.###...#


You could see a storm dragon (catching breath).

Vanquished Creatures
  A two-headed ogre (D:12)
  An ogre mage (D:12)
  A deep troll earth mage (D:12)
  An unseen horror (D:12)
  A deep troll (shapeshifter) (D:12)
  A cyclops (D:12)
  3 ugly things
  A komodo dragon (D:8)
  A troll (D:12)
  2 hippogriffs
  A wyvern (D:8)
  A wraith (D:12)
  An acid dragon (D:8)
  A water moccasin (D:6)
  3 orc warriors
  A sky beast (D:12)
  An ice beast (D:8)
  2 phantoms
  2 ogres
  5 centaurs
  3 crocodiles (D:8)
  A big kobold (D:7)
  An elf zombie (Ossuary)
  4 bullfrogs
  A wyvern skeleton (D:8)
  2 scorpions
  6 killer bees (D:8)
  10 wights
  2 centaur zombies
  2 quasits
  A bullfrog zombie (D:6)
  3 jellies
  4 hounds
  A gnoll shaman (D:5)
  2 human zombies (Ossuary)
  3 orc priests
  3 orc wizards
  4 iguanas
  A centaur skeleton (D:5)
  3 worker ants
  A hound skeleton (D:4)
  A mummy (Ossuary)
  2 worker ant zombies
  A howler monkey skeleton (D:6)
  6 adders
  4 gnolls (D:5)
  3 white imps
  5 oozes
  3 worms
  A dart slug (D:2)
  6 leopard geckos
  22 orcs
  2 giant cockroaches
  A hobgoblin (D:1)
  7 jackals
  4 quokkas
  5 frilled lizards
  A jackal skeleton (D:8)
  7 kobolds
  A leopard gecko skeleton (D:5)
171 creatures vanquished.

Notes
Turn   | Place    | Note
-------+----------+-------------------------------------------
     0 | D:1      | EnegeticOcto the Deep Dwarf Fighter began the quest for the
                  | Orb.
     0 | D:1      | Reached XP level 1. HP: 20/20 MP: 1/1
    94 | D:2      | Reached XP level 2. HP: 27/27 MP: 1/1
   220 | D:2      | Reached skill level 3 in Axes
   230 | D:2      | Reached XP level 3. HP: 29/33 MP: 1/1
   294 | D:3      | Reached XP level 4. HP: 42/42 MP: 2/2
   373 | D:4      | Found a sand-covered staircase.
   387 | Ossuary  | Entered an ossuary
   442 | Ossuary  | Reached skill level 4 in Axes
   442 | Ossuary  | Reached XP level 5. HP: 33/49 MP: 3/3
   631 | D:4      | Noticed an ogre
   642 | D:4      | Killed an ogre
   642 | D:4      | Reached XP level 6. HP: 39/57 MP: 1/1
   702 | D:4      | Reached skill level 5 in Axes
   795 | D:4      | Got a pair of pitted boots
   800 | D:4      | Identified the +3 pair of boots of Whack-A-Mole {rCorr
                  | Int+4 SInv} (You found it on level 4 of the Dungeon)
  1066 | D:5      | Entered Level 5 of the Dungeon
  1305 | D:5      | Reached XP level 7. HP: 56/64 MP: 2/2
  1542 | D:5      | Reached skill level 5 in Armour
  1542 | D:5      | Reached skill level 5 in Shields
  1557 | D:5      | Found a staircase to the Ecumenical Temple.
  1603 | Temple   | Entered the Ecumenical Temple
  1706 | Temple   | Became a worshipper of Makhleb the Destroyer
  1965 | D:6      | Reached skill level 6 in Axes
  1965 | D:6      | Reached skill level 1 in Invocations
  2479 | D:6      | Reached XP level 8. HP: 31/73 MP: 4/4
  2663 | D:7      | Reached skill level 7 in Axes
  2892 | D:7      | Noticed a hippogriff
  2902 | D:7      | Killed a hippogriff
  2902 | D:7      | Reached skill level 5 in Fighting
  2922 | D:7      | Reached * piety under Makhleb
  3025 | D:7      | Found a glowing silver altar of Zin.
  3037 | D:7      | Reached skill level 8 in Axes
  3160 | D:7      | Gained mutation: You passively map the area around you.
                  | [Deep Dwarf growth]
  3160 | D:7      | Reached XP level 9. HP: 48/81 MP: 7/7
  3584 | D:8      | Reached skill level 5 in Invocations
  3610 | D:8      | Noticed a white ugly thing
  3623 | D:8      | Killed a white ugly thing
  3623 | D:8      | Reached skill level 9 in Axes
  3765 | D:8      | Found a hide-covered altar of Uskayaw.
  4014 | D:8      | Noticed a komodo dragon
  4035 | D:8      | Killed a komodo dragon
  4035 | D:8      | Reached XP level 10. HP: 53/91 MP: 6/6
  4132 | D:8      | Found a staircase to the Lair.
  4220 | D:8      | Reached ** piety under Makhleb
  4599 | D:8      | Identified a scroll of acquirement
  4599 | D:8      | Acquired a +2 cloak of magic resistance
  4662 | D:9      | Reached skill level 10 in Axes
  4742 | D:9      | Found a shattered altar of Ashenzari.
  4777 | D:9      | Found a staircase to the Orcish Mines.
  4893 | D:9      | You fall into a shaft and drop 3 floors!
  4910 | D:12     | Noticed an unseen horror
  4932 | D:12     | Killed an unseen horror
  5189 | D:12     | Noticed a guardian serpent
  5189 | D:12     | a jumping spider changed into a guardian serpent
  5192 | D:12     | Noticed a lindwurm
  5192 | D:12     | a guardian serpent changed into a lindwurm
  5203 | D:12     | Noticed a swamp dragon
  5203 | D:12     | a lindwurm changed into a swamp dragon
  5215 | D:12     | Noticed a two-headed ogre
  5221 | D:12     | Noticed a deep troll
  5221 | D:12     | a swamp dragon changed into a deep troll
  5225 | D:12     | Killed a deep troll
  5228 | D:12     | Killed a two-headed ogre
  5317 | D:12     | Noticed a cyclops
  5317 | D:12     | Noticed a cyan ugly thing
  5317 | D:12     | Noticed an ogre mage
  5317 | D:12     | Noticed a cyan ugly thing
  5334 | D:12     | Killed a cyan ugly thing
  5334 | D:12     | Reached skill level 11 in Axes
  5335 | D:12     | Killed a cyclops
  5336 | D:12     | Killed an ogre mage
  5336 | D:12     | Reached XP level 11. HP: 100/100 MP: 2/4
  5344 | D:12     | Killed a cyan ugly thing
  5349 | D:12     | Found a large runed translucent door.
  5350 | D:12     | Found a large runed translucent door.
  5364 | D:12     | Found a stormy altar of Qazlal.
  5364 | D:12     | Noticed a deep troll earth mage
  5375 | D:12     | Killed a deep troll earth mage
  5379 | D:12     | Found a glowing golden altar of the Shining One.
  5379 | D:12     | Noticed a storm dragon
  5418 | D:12     | Killed from afar by a storm dragon

Illustrated notes

Levels and vault maps discovered:
D:1:      saegor_arrival_simple_a, layout_basic, minmay_misc_feat_enclosed
D:2:      layout_loops_ring
D:3:      layout_loops_ring, gammafunk_ghost_stat_death
D:4:      layout_loops_cross, nicolae_ossuary_entry_ruins
D:5:      layout_basic, minmay_temple_entry_wispy
D:6:      layout_loops_ring
D:7:      layout_loops_ring, lemuel_doored_altar
D:8:      layout_basic, erik_lair_dragon, basic_altar, wad_mini_maze
D:9:      minmay_the_grid_4x2 [minmay_the_grid_gridbox, minmay_the_grid_armoury,
          minmay_the_grid_outer_diamond, minmay_the_grid_spin_star,
          minmay_the_grid_broken_lines, minmay_the_grid_mess,
          minmay_the_grid_empty, minmay_the_grid_prize_shrinking_boxes],
          layout_basic, nicolae_ashenzari_panopticon
D:12:     layout_basic, serial_glass, glass_columns_a, glass_columns_a,
          glass_columns_c, glass_columns_a, glass_columns_c, glass_columns_b,
          glass_columns_c, glass_columns_a, jmf_multi_god_temple2
Temple:   kilobyte_greek_temple

Skill      XL: |  1  2  3  4  5  6  7  8  9 10 |
---------------+-------------------------------+-----
Axes           | 3 4 5 6 8 9 11 | 11.4
Fighting       | 3 4 5 6 7 |  7.2
Armour         | 4 5 6 7 8 |  8.6
Shields        | 4 5 6 7 8 |  8.7
Invocations    | 2 4 6 8 |  8.3

Action                   |  1- 3 |  4- 6 |  7- 9 | 10-12 || total
-------------------------+-------+-------+-------+-------++-------
Melee: War axe           |    60 |   130 |   382 |   196 ||   768
 Abil: Heal Wounds       |     3 |     8 |    13 |    21 ||    45
Evoke: Wand              |       |       |       |     8 ||     8
  Use: Scroll            |       |       |       |    17 ||    17
       Potion            |       |       |       |     2 ||     2
Armor: Scale mail        |    24 |    62 |    70 |       ||   156
       Chain mail        |       |       |   101 |   167 ||   268
Dodge: Dodged            |    16 |    38 |    98 |    81 ||   233
Block: Kite shield       |    31 |    87 |   360 |   238 ||   716
       Reflection        |       |       |     8 |     2 ||    10

Table legend: (Time is in decaauts)
 A = Elapsed time spent in this place.
 B = Non-inter-level travel time spent in this place.
 C = Inter-level travel time spent in this place.
 D = Time resting spent in this place.
 E = Time spent auto-exploring this place.
 F = Levels seen in this place.
 G = Mean time per level.
                   A        B        C        D        E       F      G
               +--------+--------+--------+--------+--------+-----+--------+
         Total |   5589 |   5372 |    217 |      0 |   3882 |  12 |  465.8 |
       Dungeon |   5360 |   5175 |    185 |      0 |   3746 |  10 |  536.0 |
        Temple |    135 |    104 |     31 |      0 |     97 |   1 |  135.0 |
       Ossuary |     93 |     93 |      0 |      0 |     39 |   1 |   93.0 |
               +--------+--------+--------+--------+--------+-----+--------+

Top non-repeatable levels by time:
     D:8: 1300 daAuts
     D:6: 801 daAuts
     D:7: 793 daAuts
     D:5: 653 daAuts
     D:4: 625 daAuts
    D:12: 545 daAuts
     D:9: 235 daAuts
     D:2: 165 daAuts
     D:3: 144 daAuts
  Temple: 135 daAuts
     D:1: 96 daAuts
 Ossuary: 93 daAuts
